 Dungeon Crawl Stone Soup version 0.30-a0-782-ge64f9170bb (webtiles) character file.

Game seed: 4240253877637177757

109 funkygono the Firebug (level 4, -5/24 HPs)
             Began as a Gargoyle Fire Elementalist on Feb 24, 2023.
             Slain by a hornet (11 damage)
             ... on level 6 of the Dungeon.
             The game lasted 00:03:10 (2046 turns).

funkygono the Firebug (Gargoyle Fire Elementalist)  Turns: 2046, Time: 00:03:10

Health: -5/24      AC:  7    Str: 12    XL:     4   Next: 89%
Magic:  4/8        EV: 12    Int: 17    God:
Gold:   127        SH:  0    Dex: 10    Spells: 5/8 levels left

rFire   . . .      SeeInvis .    f - +0 whip
rCold   . . .      Faith    .    (no shield)
rNeg    + . .      Spirit   .    a - +0 robe
rPois   ∞          Reflect  .    (no helmet)
rElec   +          Harm     .    (no cloak)
rCorr   .          Rampage  .    l - +0 pair of gloves
Will    .....                    m - +0 pair of boots
Stlth   ++                       (no amulet)
HPRegen 0.24/turn                i - ring of flight
MPRegen 0.11/turn                (no ring)

@: flying
A: sickness immunity, AC +3, negative energy resistance 1, electricity
resistance, torment resistance 1, petrification resistance
a: no special abilities


You were on level 6 of the Dungeon.
You visited 1 branch of the dungeon, and saw 4 of its levels.

You collected 127 gold pieces.

Inventory:

Hand Weapons
 f - a +0 whip (weapon)
Armour
 a - a +0 robe (worn)
 l - a +0 pair of gloves (worn)
 m - a +0 pair of boots (worn)
Magical Staves
 d - a staff of earth
Jewellery
 i - a ring of flight (left hand)
Scrolls
 g - a scroll of fog {unknown}
 h - a scroll of enchant weapon {unknown}
 j - 2 scrolls of identify {unknown}
 n - a scroll of noise {unknown}
Potions
 c - a potion of mutation {unknown}
 e - 3 potions of attraction {unknown}
 k - a potion of might {unknown}
 o - a potion of flight {unknown}


   Skills:
 + Level 0.9 Fighting
 + Level 0.2 Maces & Flails
 + Level 1.9 Dodging
 - Level 2.1 Stealth
 + Level 2.7 Spellcasting
 + Level 2.3 Conjurations
 + Level 4.1 Fire Magic


You had 5 spell levels left.
You knew the following spells:

 Your Spells              Type           Power      Damage    Failure   Level
a - Foxfire               Conj/Fire      52%        2x1d6     4%          1
b - Scorch                Fire           32%        2d7       4%          2

Your spell library contained the following spells:

 Spells                   Type           Power      Damage    Failure   Level
 Inner Flame              Hex/Fire       9%         N/A       24%         3
 Kindle Blastsparks       Fire/Tloc/Air  14%        2d11      30%         3
 Flame Wave               Conj/Fire      13%        2d6       43%         4


Dungeon Overview and Level Annotations

Branches:
Dungeon (3/15)

Altars:

Shops:
D:1 !   D:6 *


Innate Abilities, Weirdness & Mutations

You are immune to sickness and miasma.
Your stone body is resilient. (AC +3)
You are immune to poison.
You resist negative energy. (rN+)
You are resistant to electric shocks. (rElec)
You are resistant to unholy torment.
You are immune to petrification.


Message History

The foxfire hits the hornet.
The hornet is lightly wounded.
Casting: Foxfire (safe; 4% risk of failure)
Confirm with . or Enter, or press ? or * to list all spells.
You conjure some foxfire!
The foxfire hits the hornet but does no damage.
The hornet is lightly wounded.
The hornet stings you but does no damage.
Casting: Foxfire (safe; 4% risk of failure)
Confirm with . or Enter, or press ? or * to list all spells.
You conjure some foxfire!
The hornet misses you.
Casting: Foxfire (safe; 4% risk of failure)
Confirm with . or Enter, or press ? or * to list all spells.
There is not enough space to conjure foxfire!
Magic courses through your body.
The foxfire hits the orc.
The orc is heavily wounded.
The foxfire hits the orc but does no damage.
The orc is heavily wounded.
The foxfire hits the orc but does no damage.
The orc is heavily wounded.
The hornet completely misses you.
The foxfire hits the orc.
The orc is heavily wounded.
The hornet stings you!
Ouch! That really hurt!
The orc hits you with a +0 hand axe.
Casting: Foxfire (safe; 4% risk of failure)
Confirm with . or Enter, or press ? or * to list all spells.
Flames lash the hornet.
The hornet is lightly wounded.
The hornet's fire resistance burns away.
You hear a shout!
The hornet closely misses you. The orc hits you with a +0 hand axe.
* * * LOW HITPOINT WARNING * * *
An orc priest comes into view. It is wielding a +0 club.
Casting: Scorch (safe; 4% risk of failure)
Confirm with . or Enter, or press ? or * to list all spells.
Flames lash the orc.
The orc is almost dead.
The orc's fire resistance burns away.
The hornet stings you!
You die...

#. .#
#.### ##§#
#.#.. .#.#
#.#.# ...#
#.#.# v..
#...###.#
##..o...##
#..@y....#
##∩####..#
#.# v.#
#.# ..#
#.# y.#
o#. ..# #
# ..# .o#


You could see a hornet (combustible), an orc priest and an orc (combustible).

Vanquished Creatures
  Terence (D:2)
  4 adders
  A worm (D:2)
  A dart slug (D:2)
  An orc (D:2)
  5 endoplasms
  2 giant cockroaches (D:1)
  2 goblins
  6 hobgoblins
  A quokka (D:2)
  2 ball pythons
  4 bats
  4 frilled lizards
  5 kobolds
  5 rats
44 creatures vanquished.

Vanquished Creatures (others)
  160 foxfires
  2 plants (D:1)
  4 toadstools (D:1)
166 creatures vanquished.

Grand Total: 210 creatures vanquished

Notes
Turn   | Place    | Note
-------+----------+-------------------------------------------
     0 | D:1      | funkygono the Gargoyle Fire Elementalist began the quest
                  | for the Orb.
     0 | D:1      | Reached XP level 1. HP: 10/10 MP: 3/3
   186 | D:1      | Reached XP level 2. HP: 15/15 MP: 1/5
   643 | D:1      | Found Xouredd's Distillery.
   875 | D:1      | Learned a level 2 spell: Scorch
  1009 | D:2      | Reached XP level 3. HP: 19/19 MP: 2/6
  1195 | D:2      | Noticed Terence
  1211 | D:2      | Killed Terence
  1212 | D:2      | Reached XP level 4. HP: 24/24 MP: 1/7
  1357 | D:2      | Reached skill level 4 in Fire Magic
  2026 | D:3      | You are sucked into a shaft and drop 3 floors!
  2026 | D:6      | Found Kijiffen's General Store.
  2032 | D:6      | Noticed a hornet
  2046 | D:6      | Slain by a hornet

Illustrated notes

Levels and vault maps discovered:
D:1:      ldierk_walled_garden_2, layout_loops_ring, serial_shops,
          nicolae_shop_crystal, minmay_misc_feat_hallway
D:2:      layout_rooms, serial_bayou_pond_b, minmay_misc_feat_secret_circle,
          minmay_tromino_i4, uniq_terence
D:3:      minmay_chambers_of_threes, layout_basic
D:6:      kennysheep_windowed_halls, layout_loops_ring, serial_shops, shop,
          kennysheep_generic_room_4

Skill      XL: |  1  2  3  4 |
---------------+-------------+-----
Fire Magic     | 4 |  4.1
Conjurations   | 2 |  2.3
Fighting       | |  0.9
Maces & Flails | |  0.2
Dodging        | |  1.9
Stealth        | |  2.1
Spellcasting   | |  2.7

Action                     |  1- 3 |  4- 6 || total
---------------------------+-------+-------++-------
  Melee: Whip              |    10 |     1 ||    11
         Staff             |     1 |       ||     1
   Cast: Foxfire           |    48 |    42 ||    90
         Scorch            |     2 |     3 ||     5
    Use: Potion            |       |     1 ||     1
 Armour: Robe              |    13 |     1 ||    14
  Dodge: Dodged            |    29 |     3 ||    32

Table legend: (Time is in decaauts)
 A = Elapsed time spent in this place.
 B = Non-inter-level travel time spent in this place.
 C = Inter-level travel time spent in this place.
 D = Time resting spent in this place.
 E = Time spent auto-exploring this place.
 F = Levels seen in this place.
 G = Mean time per level.
                   A        B        C        D        E       F      G
               +--------+--------+--------+--------+--------+-----+--------+
         Total |   2053 |   1973 |     80 |     53 |   1587 |   4 |  513.2 |
       Dungeon |   2053 |   1973 |     80 |     53 |   1587 |   4 |  513.2 |
               +--------+--------+--------+--------+--------+-----+--------+

Top non-repeatable levels by time:
     D:1: 1096 daAuts
     D:2: 784 daAuts
     D:3: 153 daAuts
     D:6: 19 daAuts
